 Dungeon Crawl Stone Soup version 0.31.0-12-g77e489cdc1 (webtiles) character file.

Game seed: 16523147609485131489

245 Gadfly the Sneak (level 5, -8/25 HPs)
             Began as a Spriggan Enchanter on Feb 22, 2024.
             Mangled by a gnoll
             ... wielding a +0 flail
              (13 damage)
             ... on level 3 of the Dungeon.
             The game lasted 00:04:33 (2710 turns).

Gadfly the Sneak (Spriggan Enchanter)               Turns: 2710, Time: 00:04:33

Health: -8/25      AC:  4    Str:  4    XL:     5   Next: 84%
Magic:  1/11       EV: 19    Int: 16    God:
Gold:   82         SH:  0    Dex: 18    Spells: 6/11 levels left

rFire   . . .        a - +1 dagger (holy)
rCold   + . .        (no shield)
rNeg    + . .        l - +2 robe "Caorpher" {rF+ rN+ rCorr}
rPois   .            (helmet restricted)
rElec   .            (no cloak)
rCorr   +            (gloves unavailable)
SInv    +            (boots unavailable)
Will    .....        (no amulet)
Stlth   +++          j - ring of ice
HPRegen 0.24/turn    (no ring)
MPRegen 0.12/turn

%: no passive effects
@: very quick
A: very small, no large weapons, unfitting armour, see invisible, speed 3
a: no special abilities


You were on level 3 of the Dungeon.
You visited 1 branch of the dungeon, and saw 5 of its levels.

You collected 82 gold pieces.

Inventory:

Hand Weapons
 a - a +1 dagger of holy wrath (weapon)
 e - a +1 dagger
Armour
 g - a +0 robe of fire resistance
 l - the +2 robe "Caorpher" (worn) {rF+ rN+ rCorr}
   (You found it on level 2 of the Dungeon)

   rF+:       It protects you from fire.
   rN+:       It protects you from negative energy.
   rCorr:     It protects you from acid and corrosion.
Jewellery
 j - a ring of ice (left hand)
 o - the amulet "Minganu" {Faith ^Drain rElec rCorr Stlth+}
   (You found it on level 3 of the Dungeon)

   [amulet of faith]

   Faith:     It allows you to gain divine favour quickly.
   rElec:     It insulates you from electricity.
   rCorr:     It protects you from acid and corrosion.
   ^Drain:    It drains your maximum health when unequipped.
   Stlth+:    It makes you more stealthy.
Wands
 n - a wand of flame (21)
Scrolls
 b - 2 scrolls of identify
 d - 2 scrolls of teleportation
 f - a scroll of torment
Potions
 c - 3 potions of invisibility
 h - a potion of degeneration {unknown}
 i - a potion of cancellation
 k - a potion of enlightenment {unknown}
 m - 2 potions of curing {unknown}
 p - a potion of heal wounds
 q - 2 potions of might


   Skills:
 + Level 1.5 Fighting
 + Level 2.5 Short Blades
 + Level 4.0 Dodging
 + Level 5.6 Stealth
 + Level 3.6 Spellcasting
 + Level 4.5 Hexes
 + Level 2.5 Evocations


You had 6 spell levels left.
You knew the following spells:

 Your Spells              Type           Power      Damage    Failure   Level
a - Ensorcelled Hibernat  Hex/Ice        30%        N/A       11%         2
b - Confusing Touch       Hex            17%        N/A       9%          3

Your spell library contained the following spells:

 Spells                   Type           Power      Damage    Failure   Level
 Tukima's Dance           Hex            17%        N/A       9%          3
 Dazzling Flash           Conj/Hex       20%        N/A       21%         3
 Dimensional Bullseye     Hex/Tloc       5%         N/A       56%         4
 Iskenderun's Mystic Bla  Conj/Tloc      2%         2d3       87%         4
 Summon Mana Viper        Hex/Summ       10%        N/A       88%         5
 Summon Forest            Summ/Tloc      1%         N/A       99%         5
 Summon Cactus Giant      Summ           1%         N/A       100%        6


Dungeon Overview and Level Annotations

Branches:
Dungeon (5/15)
 Temple: D:4-7

Altars:


Innate Abilities, Weirdness & Mutations

You are very small and have problems with some larger weapons.
You are too small for most types of armour.
You have supernaturally acute eyesight. (SInv)
You cover ground extremely quickly. (Speed+++)


Message History

Press: ? - help, Shift-Dir - straight line, f - gnoll
Aim: a gnoll, wielding a +0 halberd (heavily wounded, chance to affect: 57%)
You feel a surge of power!
The gnoll resists with significant effort.
The gnoll completely misses you.
Casting: Ensorcelled Hibernation (safe; 11% risk of failure)
Confirm with . or Enter, or press ? or * to list all spells.
Aiming: Ensorcelled Hibernation (safe; 11% risk of failure)
Press: ? - help, Shift-Dir - straight line, f/p - gnoll
Aim: a gnoll, wielding a +0 halberd (heavily wounded, chance to affect: 57%)
You feel a surge of power!
The gnoll looks drowsy...
The helpless gnoll fails to defend itself.
You impale the gnoll!!
You kill the gnoll!
Casting: Ensorcelled Hibernation (safe; 11% risk of failure)
Confirm with . or Enter, or press ? or * to list all spells.
Aiming: Ensorcelled Hibernation (safe; 11% risk of failure)
Press: ? - help, Shift-Dir - straight line, f - orc
Aim: an orc, wielding a +3 hand axe (chance to affect: 66%)
You feel a surge of power!
The orc looks drowsy...
The helpless orc fails to defend itself.
You impale the orc!!
You kill the orc!
Casting: Ensorcelled Hibernation (safe; 11% risk of failure)
Confirm with . or Enter, or press ? or * to list all spells.
You don't have enough magic to cast this spell.
Unknown command.
You hit the gnoll but do no damage. The gnoll barely misses you.
You hit the gnoll.
The gnoll is lightly wounded.
The gnoll misses you.
You hit the gnoll but do no damage.
The gnoll is lightly wounded.
The gnoll hits you with a +0 flail!
* * * LOW HITPOINT WARNING * * *
You hit the gnoll.
The gnoll is moderately wounded.
The gnoll hits you with a +0 flail!
Ouch! That really hurt!
You die...

#..#### ##.# #$ #..# #s ##
#### ##.# .. ..# #..# ##.#.
#.# #.### #.....#.######
#...### #.....)>g.# #.###..
.....##.####@# #.#.'.. ..?
#.# #.# ##...#.. #
..####.#### #...####
#####......# #...##..
###.#.##.# #...##.#
########........# #...##..
#...............######...##.#
#......#.#.#....#............
#..#.................).......


You could see a gnoll.

Vanquished Creatures
  Terence (D:3)
  2 orc wizards (D:3)
  Natasha (twice) (D:3)
  Robin (D:2)
  3 gnolls (D:3)
  A dart slug (D:3)
  2 ribbon worms
  2 orcs (D:3)
  6 bats
  3 endoplasms
  2 giant cockroaches (D:3)
  10 goblins
  10 hobgoblins
  4 jackals (D:2)
  3 quokkas
  7 ball pythons
  8 frilled lizards
  3 kobolds (D:3)
  6 rats
76 creatures vanquished.

Notes
Turn   | Place    | Note
-------+----------+-------------------------------------------
     0 | D:1      | Gadfly the Spriggan Enchanter began the quest for the Orb.
     0 | D:1      | Reached XP level 1. HP: 9/9 MP: 5/5
   176 | D:1      | Reached XP level 2. HP: 13/13 MP: 6/6
   180 | D:1      | Reached skill level 1 in Evocations
   227 | D:1      | Learned a level 2 spell: Ensorcelled Hibernation
   603 | D:2      | Noticed Robin
   769 | D:2      | Identified the +2 robe "Caorpher" {rF+ rN+ rCorr}
   895 | D:2      | Reached XP level 3. HP: 17/17 MP: 8/8
   938 | D:2      | Killed Robin
  1528 | D:3      | Reached skill level 1 in Fighting
  1528 | D:3      | Reached skill level 5 in Stealth
  1528 | D:3      | Reached XP level 4. HP: 16/22 MP: 9/9
  1632 | D:3      | Learned a level 3 spell: Confusing Touch
  1685 | D:3      | Noticed Terence
  1838 | D:3      | Killed Terence
  1839 | D:3      | Reached XP level 5. HP: 25/25 MP: 7/11
  2099 | D:3      | Noticed Natasha
  2109 | D:3      | Killed Natasha
  2131 | D:3      | Noticed Natasha
  2305 | D:3      | Killed Natasha
  2348 | D:3      | You fall into a shaft and drop 2 floors!
  2348 | D:5      | Entered Level 5 of the Dungeon
  2470 | D:3      | Identified the amulet "Minganu" {Faith ^Drain rElec rCorr
                  | Stlth+}
  2710 | D:3      | Mangled by a gnoll

Illustrated notes

Levels and vault maps discovered:
D:1:      matt_arrival_spirals, layout_rooms, wad_floor_pattern_untrapped
D:2:      layout_loops_cross, uniq_robin
D:3:      layout_loops_cross, lightli_corner_chamber, uniq_terence,
          uniq_crazy_yiuf_cottage, uniq_natasha
D:4:      layout_basic, ashenzari_conservatory_becter,
          biasface_ghost_orc_armoury
D:5:      layout_loops_corners, minmay_temple_entry_statues_fountains,
          serial_bayou_lake_a

Skill      XL: |  1  2  3  4  5 |
---------------+----------------+-----
Evocations     | 1 2 |  2.5
Dodging        | 3 4 |  4.0
Spellcasting   | 3 |  3.6
Hexes          | 4 |  4.5
Fighting       | 1 |  1.5
Stealth        | 5 |  5.6
Short Blades   | 2 |  2.5

Action                     |  1- 3 |  4- 6 || total
---------------------------+-------+-------++-------
  Melee: Dagger            |   133 |    72 ||   205
         Punch             |     1 |       ||     1
   Cast: Ensorcelled Hiber |    10 |    33 ||    43
    Use: Scroll            |     9 |     1 ||    10
   Stab: Sleeping          |    22 |    26 ||    48
 Armour: Robe              |    45 |    28 ||    73
  Dodge: Dodged            |   156 |    72 ||   228
